Map: Ruins of Seras

Players

LindyHop - Winner!

  • Race: Zerg Zerg
  • League: Platinum

Charlie

  • Race: Zerg Zerg
  • League: Diamond

VOD

Have the link to the VOD?

Description

Time

  • Played on: Dec. 12, 2015, 3:15 p.m.
  • Length: 13:04
Show
View Real Time Build Order
Export as new Build Order

LindyHop Zerg - Winner!

Build Orders: Hatch First 

Get SALT Encoding   

  12  0:01  Drone  
  13  0:13  Overlord  
  13  0:18  Drone  
  14  0:31  Drone x2  
  14  0:35  Drone  
  17  0:56  Hatchery  
  16  0:59  Drone  
  16  1:03  Drone  
  18  1:07  Extractor  
  17  1:14  Drone  
  18  1:23  Spawning Pool  
  17  1:31  Drone x2  
  19  1:59  Overlord  
  19  2:11  Queen, Zergling x6  
  19  2:15  Spine Crawler  
  23  2:17  Zergling x2  
  23  2:20  Zergling x2  
  23  2:35  Zergling x6  
  26  2:45  Queen  
  28  2:54  Metabolic Boost  
  28  3:02  Queen  
  30  3:07  Drone x2  
  32  3:20  Overlord  
  32  3:23  Drone x2  
  34  3:29  Evolution Chamber  
  34  3:33  Drone x2  
  35  3:49  Drone x5  
  40  4:01  Roach Warren  
  39  4:14  Drone x3  
  39  4:15  Drone  
  43  4:19  Zerg Ground Armor Level 1  
  43  4:24  Drone  
  43  4:26  Overlord  
  43  4:29  Overlord  
  43  4:48  Drone x3  
  43  4:49  Drone x5  
  49  4:55  Drone  
  49  4:59  Drone  
  50  5:06  Drone x3  
  49  5:23  Extractor  
  49  5:24  Extractor  
  49  5:28  Roach  
  49  5:29  Roach x3, Extractor  
  54  5:43  Hatchery  
  53  5:50  Roach x3  
  53  5:52  Overlord x2  
  53  5:53  Overlord  
  53  5:54  Lair  
  59  6:16  Roach x3  
  59  6:17  Roach x3  
  59  6:18  Zergling x2  
  72  6:25  Zergling x2  
  73  6:33  Zerg Missile Weapons Level 1  
  73  6:34  Zergling x8  
  73  6:39  Zergling x2  
  77  6:47  Zergling x2  
  77  6:48  Zergling x6  
  81  6:56  Drone  
  81  6:59  Spire  
  81  7:06  Roach x2  
  81  7:07  Roach x2  
  89  7:09  Overlord  
  89  7:10  Overlord x2  
  89  7:17  Overlord x2  
  89  7:39  Overlord x2  
  89  7:55  Extractor  
  89  7:56  Drone x2, Extractor  
  89  7:57  Drone x3  
  92  8:01  Queen  
  94  8:06  Roach x5  
  94  8:07  Overlord  
  104  8:20  Mutalisk x6  
  116  8:29  Zerg Flyer Weapons Level 1  
  116  8:39  Mutalisk  
  117  8:48  Mutalisk  
  117  8:54  Mutalisk  
  121  9:00  Drone x6  
  127  9:04  Mutalisk  
  129  9:15  Mutalisk  
  131  9:22  Mutalisk  
  133  9:24  Mutalisk  
  133  9:26  Overlord x3  
  135  9:34  Roach  
  135  9:35  Roach x4  
  144  9:43  Mutalisk  
  142  9:47  Mutalisk  
  143  9:54  Mutalisk  
  145  10:12  Hatchery  
  144  10:22  Glial Reconstitution  
  144  10:23  Zerg Missile Weapons Level 2  
  144  10:26  Hydralisk Den  
  142  10:40  Mutalisk x3  
  142  10:41  Zergling x2  
  142  10:42  Zergling x10  
  154  10:43  Overlord x2, Zergling x2  
  154  10:45  Overseer  
  154  10:47  Overseer  
  155  11:05  Hydralisk  
  155  11:06  Hydralisk x5  
  167  11:17  Mutalisk  
  169  11:19  Zergling x8  
  169  11:20  Zergling x4  
  175  11:33  Hydralisk  
  175  11:34  Drone  
  175  11:35  Overlord  
  178  11:53  Mutalisk x5  
  186  11:56  Zergling x4  
  190  12:07  Mutalisk x2  
  169  12:16  Zergling x8  
  169  12:17  Zergling x14  
  173  12:26  Mutalisk x3  
  173  12:28  Zergling x2  
  179  12:33  Mutalisk  
  178  12:43  Zergling x2  
  178  12:44  Zergling x2  
Show
View Real Time Build Order
Export as new Build Order

Charlie Zerg 

Build Orders: Pool First 

Get SALT Encoding   

  12  0:02  Drone  
  13  0:08  Drone  
  13  0:13  Extractor  
  13  0:17  Drone  
  14  0:34  Spawning Pool  
  13  0:38  Drone  
  13  0:42  Extractor  
  13  0:47  Drone  
  15  0:57  Overlord  
  15  1:23  Zergling x6  
  18  1:30  Metabolic Boost  
  18  1:35  Zergling x2  
  19  1:40  Queen  
  21  1:50  Drone  
  22  2:01  Baneling Nest  
  21  2:08  Drone  
  22  2:33  Hatchery  
  21  2:44  Drone  
  22  2:52  Overlord  
  22  2:54  Overlord  
  22  3:13  Drone x2, Spine Crawler  
  22  3:14  Drone  
  22  3:19  Baneling x2  
  24  3:31  Drone x2  
  26  3:38  Evolution Chamber, Queen  
  26  3:40  Drone  
  28  3:43  Drone  
  28  3:48  Drone  
  31  3:55  Drone x2  
  31  4:01  Drone x2  
  34  4:11  Zerg Melee Weapons Level 1  
  34  4:12  Drone x2  
  36  4:24  Drone x3  
  41  4:34  Queen  
  41  4:38  Drone x3  
  41  4:44  Zergling x2  
  44  4:51  Zergling x4  
  33  5:00  Zergling x8  
  31  5:10  Zergling x8  
  34  5:25  Zergling x6  
  37  5:30  Lair  
  37  5:36  Roach Warren  
  37  5:39  Drone x4  
  37  5:41  Drone  
  41  5:57  Drone x3  
  41  5:59  Overlord  
  44  6:07  Zerg Missile Weapons Level 1  
  44  6:18  Roach x4  
  52  6:27  Overlord  
  52  6:28  Overlord  
  52  6:37  Spire  
  52  6:39  Extractor  
  49  6:52  Drone x2  
  49  6:53  Drone x5  
  56  6:56  Extractor  
  56  6:57  Extractor  
  54  7:04  Drone  
  54  7:05  Drone x3  
  58  7:16  Baneling x2  
  58  7:17  Baneling  
  58  7:21  Drone  
  59  7:25  Overlord  
  59  7:27  Overlord  
  59  7:29  Overlord  
  59  7:41  Evolution Chamber  
  58  7:47  Drone x5  
  63  8:00  Hatchery  
  63  8:03  Zerg Missile Weapons Level 2  
  62  8:10  Drone x2  
  62  8:12  Drone x3  
  67  8:13  Mutalisk  
  67  8:14  Mutalisk  
  71  8:20  Glial Reconstitution  
  71  8:34  Queen  
  71  8:35  Overlord x2  
  71  8:36  Overlord  
  71  8:39  Mutalisk  
  71  8:40  Mutalisk  
  77  9:06  Mutalisk x3  
  83  9:19  Drone x5  
  83  9:20  Drone x6  
  94  9:36  Roach  
  94  9:37  Roach x4  
  92  9:48  Roach x3  
  95  9:56  Mutalisk x3  
  101  10:08  Extractor x2  
  101  10:11  Spore Crawler  
  98  10:30  Drone x5, Spine Crawler  
  98  10:31  Drone  
  103  10:46  Spore Crawler  
  100  10:59  Zerg Ground Armor Level 1  
  100  11:05  Overlord x4  
  100  11:06  Overlord  
  100  11:16  Infestation Pit  
  100  11:18  Overlord x7  
  99  11:30  Roach x2  
  103  11:33  Roach x2  
  103  11:35  Overlord x5  
  103  11:36  Overlord x2  
  107  11:45  Queen  
  107  11:46  Hatchery  
  108  11:54  Roach x5  
  108  11:55  Roach  
  108  11:56  Ravager x3  
  108  11:57  Ravager  
  97  12:19  Roach x6  
  97  12:20  Roach, Zergling x2  
Tags
 
Add a new tag
Caveats
  • Supply blocks, unpowered buildings, or Contaminate may cause inaccurate times.
  • Supply counts are checked every 10 seconds.